 Dungeon Crawl Stone Soup version 0.14-a0-1974-gdb6e453 (webtiles) character file.

13547 Kae the Unseen (level 11, 0/47 HPs)
             Began as a Spriggan Enchanter on Jan 17, 2014.
             Was an Elder of Dithmengos.
             Succumbed to a guardian serpent's bolt of poison
             ... on Level 11 of the Dungeon.
             The game lasted 00:33:27 (14724 turns).

Kae the Unseen (Spriggan Enchanter)                Turns: 14724, Time: 00:33:27

HP   0/47        AC  2     Str  7      XL: 11   Next: 64%
MP  29/32        EV 18     Int 20      God: Dithmengos [****..]
Gold 980         SH  0     Dex 17      Spells:  3 memorised, 23 levels left

rFire  . . .     SeeInvis +     a - +2,-1 dagger (curse)
rCold  . . .     Clarity  .     I - +0 robe {MR+}
rNeg   . . .     Conserve .     (shield restricted)
rPois  .         rCorr    .     (helmet restricted)
rElec  .         rRot     .     (no cloak)
SustAb . .       Spirit   .     (gloves unavailable)
rMut   .         Warding  .     (boots unavailable)
Saprov . . .     Stasis   .     (no amulet)
MR     ++...                    (no ring)
                                r - +3 ring of intelligence

@: mildly poisoned, very slightly contaminated, wreathed by umbra, very quick,
very resistant to hostile enchantments, uncannily stealthy
A: unfitting armour, see invisible, herbivore 3, speed 3, slow metabolism 2
a: Shadow Step, Renounce Religion


You were on level 11 of the Dungeon.
You worshipped Dithmengos.
Dithmengos was greatly pleased with you.
You were not hungry.

You visited 2 branches of the dungeon, and saw 12 of its levels.
You also visited: Bailey.

You collected 1010 gold pieces.
You spent 30 gold pieces at shops.

Inventory:

Hand weapons
 a - a cursed +2,-1 dagger (weapon)
Missiles
 d - 9 darts (quivered)
 A - 12 tomahawks
Armour
 I - a +0 robe of magic resistance (worn)
Magical devices
 m - a wand of teleportation (5)
 u - a wand of disintegration (4)
Comestibles
 j - 5 bread rations
Scrolls
 b - 2 scrolls of remove curse
 c - a scroll of silence {unknown}
 f - 7 scrolls of fear
 g - 5 scrolls of teleportation
 h - 3 scrolls of enchant weapon I
 i - 7 scrolls of identify
 n - 5 scrolls of enchant weapon II
 t - 2 scrolls of magic mapping
 x - 3 scrolls of fog
 y - a scroll of recharging
 E - a scroll of amnesia
Jewellery
 r - a +3 ring of intelligence (left hand)
Potions
 e - a potion of porridge
 k - 3 potions of restore abilities
 o - a potion of speed
 p - 2 potions of brilliance
 q - 2 potions of magic
 s - a potion of might
 v - 8 potions of curing


   Skills:
 * Level 12.0 Short Blades
 - Level 1.1 Throwing
 - Level 3.0 Dodging
 * Level 15.9 Stealth
 + Level 9.5 Spellcasting
 + Level 9.6 Hexes


You had 23 spell levels left.
You knew the following spells:

 Your Spells              Type           Power        Failure   Level  Hunger
a - Corona                Hex            #####..      1%          1    None
b - Ensorcelled Hibernat  Hex/Ice        ####..       1%          2    None
c - Confuse               Hex            #####...     1%          3    None


Dungeon Overview and Level Annotations

Branches:
Dungeon (11/16)            Temple (1/1) D:4
    Orc: D:9-12        Lair: D:8-11

Altars:
Ashenzari
Cheibriados
Dithmengos
Elyvilon
Fedhas
Kikubaaqudgha
Makhleb
Nemelex Xobeh
Okawaru
Sif Muna
Trog
Vehumet
Xom
Yredelemnul
Zin
the Shining One

Shops:
D:6 !   D:9 /

Annotations:
D:7 Sigmund
D:8 exclusions: electric eel and 1 more exclusion


Innate Abilities, Weirdness & Mutations

You are tiny and cannot use many weapons and most armour.
You have supernaturally acute eyesight.
You are a herbivore.
You cover ground extremely quickly.
You need consume almost no food.


Message History

Aim: a guardian serpent (umbra)
The guardian serpent resists with almost no effort.
You start resting.
The guardian serpent coils itself and waves its upper body at you.
The bolt of poison hits you!
You are more poisoned.
Ouch! That really hurt!
* * * LOW HITPOINT WARNING * * *
You emit a cloud of dark smoke.
Unknown command.
Read which item? (? for menu, Esc to quit)
Blink to where?
Press: ? - help, Dir - move target cursor, p - guardian serpent
As you read the scroll of blinking, it crumbles to dust.
You are very lightly contaminated with residual magic.
* * * LOW HITPOINT WARNING * * *
You feel sick.
* * * LOW HITPOINT WARNING * * *
You feel sick.
You die...

#..# #...# #§§#...f'.
#..#######...#######§§§..#
...#..#..#...#..#..#§S§#.#
...%..#.........#....f.#...
.....###.......###.......###
.###......###.....f###....#
. #........#......[.# .....#
. #..#..#.(#..#..#..# .#...
######..#######.@#### ##..
..#..#..#..#..#..#..# .#.
..#........#.....f.f# ....
.###%.....###...f..###...
.....###...!.f.###......
......#......f.f# .....
#..#..#..#.}.#..# .#..#
#.(#######.⌠.#######..# ##
#.f#..#..#.).#..#..#(.#..#


You could see a guardian serpent.

Vanquished Creatures
  An unseen horror (D:11)
  2 hill giants (D:11)
  A cyclops (D:11)
  The ghost of mopl the Covert, an experienced OpEn of Vehumet (D:8)
  A komodo dragon (D:11)
  A two-headed ogre (D:11)
  2 trolls
  The ghost of Kae the Sneak, an average SpEn of Dithmengos (D:4)
  A basilisk (D:11)
  A shadow (D:8)
  A hippogriff (D:11)
  3 hungry ghosts
  2 wyverns (D:11)
  5 yaks
  The ghost of Yermak the Covert, an average SpAs (D:6)
  A hill giant skeleton (D:11)
  A spriggan skeleton (D:9)
  A freezing wraith (D:11)
  3 ice beasts
  A manticore (D:9)
  A giant goldfish (D:8)
  A black bear (D:10)
  3 sky beasts
  19 orc warriors
  8 ogres
  8 centaurs
  Duvessa (D:4)
  Blork the orc (D:7)
  5 giant frogs
  3 big kobolds
  A cyclops zombie (D:11)
  A giant goldfish zombie (D:3)
  An eye of draining (D:10)
  A jellyfish (D:8)
  2 goliath beetles (D:7)
  3 wights (D:11)
  Dowan (D:4)
  2 crimson imps
  A centaur zombie (D:5)
  A giant frog skeleton (D:11)
  A centaur skeleton (D:9)
  9 jellies
  A big fish (D:8)
  8 orc wizards
  A water moccasin skeleton (D:5)
  8 hounds
  5 orc priests
  7 worker ants
  A two-headed ogre skeleton (D:6)
  6 iguanas
  5 scorpions
  An ogre zombie (D:5)
  A big kobold zombie (D:10)
  Ijyb (D:5)
  3 hound zombies
  A big fish zombie (D:3)
  7 gnolls (D:5)
  19 adders
  A giant mite (D:2)
  2 shadow imps
  6 worms
  An adder zombie (D:8)
  2 giant eyeballs
  8 giant geckos
  2 oozes
  42 orcs
  2 ball pythons (D:2)
  3 bat skeletons
  3 giant cockroaches
  13 hobgoblins
  4 jackals
  25 kobolds
  11 bats
  A giant cockroach zombie (D:5)
  12 giant newts
  12 giant spores
  14 goblins
  A goblin zombie (D:5)
  A kobold skeleton (D:4)
  2 orc zombies (D:5)
  5 quokkas
  A quokka skeleton (D:9)
  9 rats
  A rat skeleton (D:6)
  62 ballistomycetes
426 creatures vanquished.

Vanquished Creatures (others)
  An orc warrior (D:11)
  A worm (D:11)
  16 giant spores (D:11)
  4 ballistomycetes (D:11)
22 creatures vanquished.

Grand Total: 448 creatures vanquished

Notes
Turn   | Place    | Note
--------------------------------------------------------------
     0 | D:1      | Kae, the Spriggan Enchanter, began the quest for the Orb.
     0 | D:1      | Reached XP level 1. HP: 9/9 MP: 4/4
   288 | D:1      | Reached XP level 2. HP: 10/13 MP: 7/7
   316 | D:1      | Learned a level 2 spell: Ensorcelled Hibernation
   839 | D:2      | Reached skill level 4 in Stealth
   933 | D:2      | Reached XP level 3. HP: 2/16 MP: 6/9
  1520 | D:2      | Reached XP level 4. HP: 17/21 MP: 13/13
  2221 | D:3      | Reached XP level 5. HP: 14/24 MP: 13/16
  2454 | D:3      | Learned a level 3 spell: Confuse
  2465 | D:3      | Reached skill level 5 in Stealth
  2473 | D:3      | Found a basalt altar of Yredelemnul.
  2755 | D:4      | Noticed Kae's ghost (average SpEn)
  2798 | D:4      | Killed Kae's ghost
  2798 | D:4      | Reached skill level 6 in Stealth
  2798 | D:4      | Reached XP level 6. HP: 11/28 MP: 4/20
  2822 | D:4      | Reached skill level 5 in Hexes
  2849 | D:4      | Found a staircase to the Ecumenical Temple.
  2857 | Temple   | Entered the Ecumenical Temple
  3048 | D:4      | Reached skill level 7 in Stealth
  3089 | D:4      | Reached XP level 7. HP: 30/32 MP: 22/22
  3172 | D:4      | Noticed an ogre
  3174 | D:4      | Killed an ogre
  3174 | D:4      | Reached skill level 5 in Short Blades
  3337 | D:4      | Noticed Duvessa
  3337 | D:4      | Noticed Dowan
  3341 | D:4      | Killed Duvessa
  3341 | D:4      | Reached skill level 8 in Stealth
  3341 | D:4      | Reached skill level 5 in Spellcasting
  3348 | D:4      | Killed Dowan
  3723 | D:5      | Entered Level 5 of the Dungeon
  3795 | D:5      | Found a radiant altar of Vehumet.
  3830 | D:5      | Noticed Ijyb
  4186 | D:5      | Killed Ijyb
  4285 | D:5      | Reached XP level 8. HP: 36/36 MP: 21/24
  4440 | D:5      | Reached skill level 9 in Stealth
  5220 | D:5      | Found a shadowy altar of Dithmengos.
  5225 | D:5      | Became a worshipper of Dithmengos
  5549 | D:6      | Found Smigefarr's Distillery.
  5558 | D:6      | Bought a potion of curing for 30 gold pieces
  5913 | D:6      | Found a shattered altar of Ashenzari.
  6046 | D:6      | Noticed Yermak's ghost (average SpAs)
  6058 | D:6      | Killed Yermak's ghost
  6058 | D:6      | Reached skill level 10 in Stealth
  6514 | D:7      | Noticed Blork the orc
  6526 | D:7      | Killed Blork the orc
  6560 | D:7      | Found a flagged portal.
  6566 | D:7      | Reached XP level 9. HP: 26/39 MP: 3/27
  6600 | Bailey   | Entered a bailey
  7044 | Bailey   | Reached skill level 11 in Stealth
  7292 | Bailey   | Reached skill level 12 in Stealth
  7295 | Bailey   | Identified Lehudib's Handbook of the Rocks
  7371 | D:7      | Noticed Sigmund
  7421 | D:7      | Found a blossoming altar of Fedhas.
  7804 | D:8      | Acquired Dithmengos' first power
  8011 | D:8      | Reached XP level 10. HP: 44/44 MP: 29/29
  8080 | D:8      | Found a glowing golden altar of the Shining One.
  8137 | D:8      | Noticed mopl's ghost (experienced OpEn)
  8155 | D:8      | Killed mopl's ghost
  8164 | D:8      | Reached skill level 13 in Stealth
  8354 | D:9      | Reached skill level 10 in Short Blades
  8891 | D:9      | Found Twanui's Magical Wand Boutique.
  9105 | D:9      | Reached skill level 14 in Stealth
  9220 | D:9      | Acquired Dithmengos' second power
  9416 | D:10     | Entered Level 10 of the Dungeon
 10662 | D:11     | Noticed a hill giant
 10692 | D:11     | Killed a hill giant
 10692 | D:11     | Reached XP level 11. HP: 47/47 MP: 20/31
 11264 | D:11     | Noticed a hill giant
 11271 | D:11     | Acquired Dithmengos' third power
 11271 | D:11     | Reached skill level 15 in Stealth
 11285 | D:11     | Killed a hill giant
 11370 | D:11     | Noticed a cyclops
 12391 | D:11     | Killed a cyclops
 14485 | D:11     | Noticed an unseen horror
 14505 | D:11     | Killed an unseen horror
 14708 | D:11     | Noticed a guardian serpent
 14722 | D:11     | HP: 2/47 [poisoned by a guardian serpent (bolt of poison)]
 14724 | D:11     | Succumbed to a guardian serpent's bolt of poison

Action                   |  1- 3 |  4- 6 |  7- 9 | 10-12 || total
-------------------------+-------+-------+-------+-------++-------
Melee: Dagger            |   119 |   160 |   392 |  1351 ||  2022
Throw: Dart              |       |       |     2 |    11 ||    13
 Cast: Ensorcelled Hiber |     9 |    13 |    95 |   142 ||   259
       Confuse           |       |     8 |    27 |    22 ||    57
Invok: Shadow Step       |       |       |       |     1 ||     1
Evoke: Wand              |       |       |    19 |     2 ||    21
  Use: Potion            |     1 |     2 |     4 |     3 ||    10
       Scroll            |       |     9 |     3 |     9 ||    21
 Stab: Sleeping          |    11 |    22 |    89 |   106 ||   228
       Confused          |       |     4 |    12 |    16 ||    32
       Distracted        |       |       |     2 |     3 ||     5
       Invisible         |       |       |       |     1 ||     1
